Tigers vs Phantoms

Created - Sunday, October 19, 2014 at 23:00

Goals
1 2 3 T
Tigers 1 0 1 2
Phantoms 0 1 0 1
Shots
1 2 3 T
Tigers 8 8 8 24
Phantoms 4 11 4 19

1st period

1. Tigers , Ty Rattie 2 (Connor Carrick) at 10:13 (SH)

Penalties :
Garnet Exelby (ADR) for Fighting (Major) at 4:03, Will Weber (BRI) for Fighting (Major) at 4:03, Adam Lowry (ADR) for Fighting (Major) at 4:20, Anthony Peluso (BRI) for Fighting (Major) at 4:20, Zack Stortini (ADR) for Tripping (Minor) at 7:12, Ben Blood (BRI) for Holding (Minor) at 8:36, Zack Stortini (ADR) for Fighting (Major) at 11:51, Anthony Peluso (BRI) for Fighting (Major) at 11:51, Connor Carrick (BRI) for Roughing (Minor) at 12:00

2nd period

2. Phantoms , Bryan Lerg 3 (Adam Lowry) at 3:57 (PP)

Penalties :
Martin Gernat (ADR) for Fighting (Major) at 2:08, Geoff Walker (BRI) for Fighting (Major) at 2:08, Nolan Yonkman (BRI) for Hooking (Minor) at 2:38, Zack FitzGerald (ADR) for Fighting (Major) at 4:47, Will Weber (BRI) for Fighting (Major) at 4:47, Zack FitzGerald (ADR) for instigated a fight (Minor) at 4:47, Zack FitzGerald (ADR) for instigated a fight (10 Minutes Misconduct) at 4:47, Randy Jones (ADR) for High sticking (Minor) at 13:10

3rd period

3. Tigers , Harry Zolnierczyk 4 (Ty Rattie) at 10:31 (PP)

Penalties :
Garnet Exelby (ADR) for Fighting (Major) at 0:07, Nolan Yonkman (BRI) for Fighting (Major) at 0:07, Adam Lowry (ADR) for Hooking (Minor) at 0:23, Garnet Exelby (ADR) for Unsportsmanlike conduct (Major / Game Misconduct) at 8:56, Will Weber (BRI) for Roughing (Minor) at 17:21

Goalie Stats

Cam Ward (BRI), 18 saves from 19 shots - (0.947), W, 6-1-1, 60:00 minutes
Devan Dubnyk (ADR), 22 saves from 24 shots - (0.917), L, 3-1-4, 59:11 minutes

Players Stats for Tigers

Player Name              G  A  P  +/- PIM S  H  SB GA TA FO     MP     PP MP  PK MP  
------------------------------------------------------------------------------------
A.J. Gale                0  0  0   0  0   2  0  0  0  1  1/4    11:41   0:00   0:00 
Alexander Khokhlachev    0  0  0   0  0   1  1  1  0  1  7/20   24:34   5:36   3:34 
Anthony Peluso           0  0  0   0  10  1  0  0  2  1  0/0     9:47   0:00   0:03 
Austin Levi              0  0  0   0  0   0  0  2  0  0  0/0    17:22   0:02   4:07 
Ben Blood                0  0  0   0  2   0  1  0  0  0  0/0    14:59   2:19   0:00 
Brandon Bollig           0  0  0   0  0   4  1  0  7  1  1/2    21:28   6:44   3:55 
Brandon DeFazio          0  0  0   0  0   2  1  0  1  0  1/3    15:12   1:28   1:30 
Carter Rowney            0  0  0   0  0   1  0  0  0  0  3/6     5:23   0:00   0:00 
Connor Carrick           0  1  1   1  2   5  2  4  1  3  0/0    25:43   7:29   2:51 
Geoff Walker             0  0  0   0  5   1  1  0  1  2  0/1    10:02   0:00   1:51 
Harry Zolnierczyk        1  0  1   0  0   3  4  0  3  0  0/0    17:41   5:36   0:00 
Jed Ortmeyer             0  0  0   1  0   1  1  0  3  2  1/1    18:18   6:44   1:16 
Kane Lafranchise         0  0  0   0  0   0  2  4  1  0  0/0    22:39   4:51   2:07 
Nolan Yonkman            0  0  0   1  7   1  4  0  1  0  0/0    22:43   6:08   3:38 
Toby Petersen            0  0  0   0  0   0  2  3  2  0  4/5    17:19   5:16   0:00 
Ty Rattie                1  1  2   1  0   2  3  0  3  0  0/1    19:52   5:36   1:16 
Tyler Murovich           0  0  0   0  0   0  0  0  0  0  0/0     0:00   0:00   0:00 
Will Weber               0  0  0   0  12  0  1  0  0  0  0/0    17:56   3:50   0:39 

Players Stats for Phantoms

Player Name              G  A  P  +/- PIM S  H  SB GA TA FO     MP     PP MP  PK MP  
------------------------------------------------------------------------------------
Adam Lowry               0  1  1   0  7   3  0  1  3  2  12/17  20:25   3:05   4:54 
Bryan Lerg               1  0  1   0  0   2  4  1  0  1  0/0    22:04   3:05   8:22 
Chris Langkow            0  0  0   0  0   2  1  0  0  0  1/6     8:57   0:19   1:36 
Denver Manderson         0  0  0   0  0   5  1  0  1  0  3/4    16:10   0:00   3:05 
Dominik Uher             0  0  0  -1  0   2  3  1  2  0  3/3    18:52   3:17   2:45 
Garnet Exelby            0  0  0  -1  25  1  2  0  0  2  0/0    16:48   2:31   3:02 
Garrett Wilson           0  0  0  -1  0   1  0  0  2  0  1/1    15:56   3:17   0:00 
Harri Pesonen            0  0  0   0  0   1  1  1  0  0  1/2    16:08   3:05   2:45 
Jerome Gauthier-Leduc    0  0  0   0  0   1  1  1  0  1  0/0    21:35   4:04   3:16 
Jonathan Hazen           0  0  0   0  0   0  1  0  0  0  0/0    10:35   0:00   0:00 
Josh Lunden              0  0  0   0  0   0  1  0  1  0  1/2     8:11   0:00   1:13 
Keegan Lowe              0  0  0   0  0   0  1  1  0  1  0/0    20:40   1:48   0:59 
Mark Van Guilder         0  0  0   0  0   0  3  1  0  2  3/7    15:17   1:04   0:00 
Martin Gernat            0  0  0   0  5   0  0  2  2  2  0/0    21:55   1:44   3:20 
Randy Jones              0  0  0  -1  2   1  2  1  0  4  0/0    26:40   3:01   8:01 
Steve MacIntyre          0  0  0   0  0   0  0  0  0  0  0/0     0:00   0:00   0:00 
Zack FitzGerald          0  0  0   0  17  0  0  0  0  0  0/0    12:30   0:33   6:02 
Zack Stortini            0  0  0  -1  7   0  2  0  3  0  0/1    14:21   2:32   0:00 

3 Stars

1 - Ty Rattie (BRI)
2 - Bryan Lerg (ADR)
3 - Harry Zolnierczyk (BRI)

Power Play

Tigers - 1 on 5 Attempt(s) - 20.00%
Phantoms - 1 on 4 Attempt(s) - 25.00%

Penalty Kill

Tigers - 3 on 4 Attempt(s) - 75.00% - Score 1 goal in Penalty Kill
Phantoms - 4 on 5 Attempt(s) - 80.00% - Score 0 goal in Penalty Kill

Official

Referees : Unknown
Linesman : Unknown

Game Notes

Garnet Exelby and Will Weber fight to a draw at 4:03 of 1st period
Anthony Peluso beats up Adam Lowry at 4:20 of 1st period
Zack Stortini beats up Anthony Peluso at 11:51 of 1st period
Geoff Walker beats up Martin Gernat at 2:08 of 2nd period
Will Weber beats up Zack FitzGerald at 4:47 of 2nd period
Garnet Exelby beats up Nolan Yonkman at 0:07 of 3rd period
Garnet Exelby ejected from game at 8:56 of 3rd period

Finance

Level 1 -- Attendance: 1641 (82.05%) -- Ticket Income $41,025
Level 2 -- Attendance: 796 (79.60%) -- Ticket Income $11,940
Total Attendance: 2437 (81.23%)
Total Ticket Income: $52,965
Other Income: $25,953
Total Income: $78,918

Tigers

5 vs 5 Forward 
   Center                   Left Wing                Right Wing               Time % Phy DF OF 
 1 Alexander Khokhlachev    Brandon Bollig           Jed Ortmeyer             35     1   2  2  
 2 Toby Petersen            Harry Zolnierczyk        Ty Rattie                30     1   2  2  
 3 A.J. Gale                Brandon DeFazio          Anthony Peluso           22     1   2  2  
 4 Carter Rowney            Alexander Khokhlachev    Geoff Walker             13     1   2  2  

5 vs 5 Defense 
   Defense                  Defense                                           Time % Phy DF OF 
 1 Connor Carrick           Nolan Yonkman                                     35     1   2  2  
 2 Kane Lafranchise         Will Weber                                        30     1   2  2  
 3 Ben Blood                Austin Levi                                       22     1   2  2  
 4 Connor Carrick           Nolan Yonkman                                     13     1   2  2  

PowerPlay Forward 
   Center                   Left Wing                Right Wing               Time % Phy DF OF 
 1 Alexander Khokhlachev    Brandon Bollig           Jed Ortmeyer             60     1   2  2  
 2 Toby Petersen            Harry Zolnierczyk        Ty Rattie                40     1   2  2  

PowerPlay Defense
   Defense                  Defense                                           Time % Phy DF OF 
 1 Connor Carrick           Nolan Yonkman                                     60     1   2  2  
 2 Kane Lafranchise         Will Weber                                        40     1   2  2  

Penalty Kill 4 Players Forward 
   Center                   Wing                     Time % Phy DF OF 
 1 Alexander Khokhlachev    Brandon Bollig           60     1   2  2  
 2 Jed Ortmeyer             Ty Rattie                40     1   2  2  

Penalty Kill 4 Players Defense
   Defense                  Defense                  Time % Phy DF OF 
 1 Connor Carrick           Nolan Yonkman            60     1   2  2  
 2 Kane Lafranchise         Will Weber               40     1   2  2  

Penalty Kill - 3 Players Forward 
   Forward                                           Time % Phy DF OF 
 1 Alexander Khokhlachev                             60     1   2  2  
 2 Brandon Bollig                                    40     1   2  2  

Penalty Kill - 3 Players Defense
   Defense                  Defense                  Time % Phy DF OF 
 1 Connor Carrick           Nolan Yonkman            60     1   2  2  
 2 Kane Lafranchise         Will Weber               40     1   2  2  

4 vs 4 Forward 
   Center                   Wing                     Time % Phy DF OF 
 1 Alexander Khokhlachev    Brandon Bollig           60     1   2  2  
 2 Jed Ortmeyer             Ty Rattie                40     1   2  2  

4 vs 4 Defense
   Defense                  Defense                  Time % Phy DF OF 
 1 Connor Carrick           Nolan Yonkman            60     1   2  2  
 2 Kane Lafranchise         Will Weber               40     1   2  2  

Last Minutes Offensive
   Center                   Left Wing                Right Wing               Defense                  Defense                  
   Alexander Khokhlachev    Brandon Bollig           Jed Ortmeyer             Connor Carrick           Nolan Yonkman            

Last Minutes Defensive
   Center                   Left Wing                Right Wing               Defense                  Defense                  
   Alexander Khokhlachev    Brandon Bollig           Jed Ortmeyer             Connor Carrick           Nolan Yonkman            

Goaltenders
Starting : Cam Ward                 
Backup : Andrew Hammond           

Extra Forwards
Normal : Brandon DeFazio, Anthony Peluso, Geoff Walker - PP : Brandon DeFazio, Anthony Peluso - PK : Geoff Walker
Extra Defensemen
Normal : Ben Blood, Austin Levi, Kane Lafranchise - PP : Ben Blood - PK : Austin Levi, Kane Lafranchise
Penalty Shots
Alexander Khokhlachev, Brandon Bollig, Jed Ortmeyer, Ty Rattie, Harry Zolnierczyk

Phantoms

5 vs 5 Forward 
   Center                   Left Wing                Right Wing               Time % Phy DF OF 
 1 Adam Lowry               Bryan Lerg               Harri Pesonen            35     1   2  2  
 2 Dominik Uher             Garrett Wilson           Zack Stortini            30     1   2  2  
 3 Mark Van Guilder         Denver Manderson         Jonathan Hazen           22     1   2  2  
 4 Chris Langkow            Josh Lunden              Adam Lowry               13     1   2  2  

5 vs 5 Defense 
   Defense                  Defense                                           Time % Phy DF OF 
 1 Randy Jones              Garnet Exelby                                     35     1   2  2  
 2 Martin Gernat            Jerome Gauthier-Leduc                             30     1   2  2  
 3 Keegan Lowe              Zack FitzGerald                                   22     1   2  2  
 4 Randy Jones              Garnet Exelby                                     13     1   2  2  

PowerPlay Forward 
   Center                   Left Wing                Right Wing               Time % Phy DF OF 
 1 Adam Lowry               Bryan Lerg               Harri Pesonen            60     1   2  2  
 2 Dominik Uher             Garrett Wilson           Zack Stortini            40     1   2  2  

PowerPlay Defense
   Defense                  Defense                                           Time % Phy DF OF 
 1 Randy Jones              Garnet Exelby                                     60     1   2  2  
 2 Martin Gernat            Jerome Gauthier-Leduc                             40     1   2  2  

Penalty Kill 4 Players Forward 
   Center                   Wing                     Time % Phy DF OF 
 1 Adam Lowry               Bryan Lerg               60     1   2  2  
 2 Harri Pesonen            Dominik Uher             40     1   2  2  

Penalty Kill 4 Players Defense
   Defense                  Defense                  Time % Phy DF OF 
 1 Randy Jones              Garnet Exelby            60     1   2  2  
 2 Martin Gernat            Jerome Gauthier-Leduc    40     1   2  2  

Penalty Kill - 3 Players Forward 
   Forward                                           Time % Phy DF OF 
 1 Adam Lowry                                        60     1   2  2  
 2 Bryan Lerg                                        40     1   2  2  

Penalty Kill - 3 Players Defense
   Defense                  Defense                  Time % Phy DF OF 
 1 Randy Jones              Garnet Exelby            60     1   2  2  
 2 Martin Gernat            Jerome Gauthier-Leduc    40     1   2  2  

4 vs 4 Forward 
   Center                   Wing                     Time % Phy DF OF 
 1 Adam Lowry               Bryan Lerg               60     1   2  2  
 2 Harri Pesonen            Dominik Uher             40     1   2  2  

4 vs 4 Defense
   Defense                  Defense                  Time % Phy DF OF 
 1 Randy Jones              Garnet Exelby            60     1   2  2  
 2 Martin Gernat            Jerome Gauthier-Leduc    40     1   2  2  

Last Minutes Offensive
   Center                   Left Wing                Right Wing               Defense                  Defense                  
   Adam Lowry               Bryan Lerg               Harri Pesonen            Randy Jones              Garnet Exelby            

Last Minutes Defensive
   Center                   Left Wing                Right Wing               Defense                  Defense                  
   Adam Lowry               Bryan Lerg               Harri Pesonen            Randy Jones              Garnet Exelby            

Goaltenders
Starting : Devan Dubnyk             
Backup : Marek Mazanec            

Extra Forwards
Normal : Mark Van Guilder, Chris Langkow, Denver Manderson - PP : Mark Van Guilder, Chris Langkow - PK : Denver Manderson
Extra Defensemen
Normal : Keegan Lowe, Zack FitzGerald, Martin Gernat - PP : Keegan Lowe - PK : Zack FitzGerald, Martin Gernat
Penalty Shots
Adam Lowry, Bryan Lerg, Harri Pesonen, Dominik Uher, Zack Stortini

% Time on Ice - Tigers

Lines # - Real PCT - Wanted PCT - Time Play
Normal Forward
1 - 26% - 35% - 10:36
2 - 31% - 30% - 12:35
3 - 29% - 22% - 11:41
4 - 13% - 13% - 5:23
Normal Defense
1 - 32% - 35% - 12:49
2 - 38% - 30% - 15:06
3 - 27% - 22% - 10:54
4 - 4% - 13% - 1:26
PP Forward
1 - 55% - 60% - 6:44
2 - 45% - 40% - 5:36
PP Defense
1 - 61% - 60% - 7:29
2 - 39% - 40% - 4:51
PK Forward
1 - 81% - 60% - 5:25
2 - 19% - 40% - 1:16
PK Defense
1 - 68% - 60% - 4:34
2 - 32% - 40% - 2:07
PK3 Forward
1 - 0% - 60%
2 - 0% - 40%
PK3 Defense
1 - 0% - 60%
2 - 0% - 40%
44 Forward
1 - 100% - 60% - 0:35
2 - 0% - 40% - 0:00
44 Defense
1 - 0% - 60% - 0:00
2 - 100% - 40% - 0:35
Last Minute Offensive  - 0:00
Last Minute Defensive  - 0:09
Total
Forward - 60:00
Defense - 60:00

% Time on Ice - Phantoms

Lines # - Real PCT - Wanted PCT - Time Play
Normal Forward
1 - 25% - 35% - 9:56
2 - 32% - 30% - 12:50
3 - 27% - 22% - 10:35
4 - 16% - 13% - 6:26
Normal Defense
1 - 32% - 35% - 12:50
2 - 33% - 30% - 13:18
3 - 28% - 22% - 10:59
4 - 7% - 13% - 2:40
PP Forward
1 - 51% - 60% - 3:24
2 - 49% - 40% - 3:17
PP Defense
1 - 63% - 60% - 4:11
2 - 37% - 40% - 2:30
PK Forward
1 - 78% - 60% - 9:35
2 - 22% - 40% - 2:45
PK Defense
1 - 76% - 60% - 9:20
2 - 24% - 40% - 3:00
PK3 Forward
1 - 0% - 60%
2 - 0% - 40%
PK3 Defense
1 - 0% - 60%
2 - 0% - 40%
44 Forward
1 - 100% - 60% - 0:35
2 - 0% - 40% - 0:00
44 Defense
1 - 0% - 60% - 0:00
2 - 100% - 40% - 0:35
Last Minute Offensive  - 0:37
Last Minute Defensive  - 0:00
Total
Forward - 60:00
Defense - 60:00

Play by Play

1st period


0:01 of 1st period - Adam Lowry wins face-off versus Alexander Khokhlachev in neutral zone.
1:01 of 1st period - Wrist shot by Ty Rattie.
1:01 of 1st period - Shot Misses the Net.
1:11 of 1st period - Garrett Wilson is hit by Kane Lafranchise and loses puck.
2:25 of 1st period - Snap shot by Alexander Khokhlachev.
2:25 of 1st period - Stopped by Devan Dubnyk with a rebound.
2:27 of 1st period - Wrist shot by Carter Rowney.
2:27 of 1st period - Shot Misses the Net.
2:29 of 1st period - Wrist shot by Geoff Walker.
2:29 of 1st period - Shot Misses the Net.
2:33 of 1st period - Snap shot by Alexander Khokhlachev.
2:33 of 1st period - Shot Blocked by Keegan Lowe.
2:35 of 1st period - Snap shot by Alexander Khokhlachev.
2:35 of 1st period - Shot Blocked by Mark Van Guilder.
3:35 of 1st period - Harry Zolnierczyk is hit by Dominik Uher and loses puck.
3:46 of 1st period - Snap shot by Garrett Wilson.
3:46 of 1st period - Shot Misses the Net.
4:03 of 1st period - Garnet Exelby and Will Weber fight to a draw.
4:03 of 1st period - Penalty to Garnet Exelby for Fighting.
4:03 of 1st period - Penalty to Will Weber for Fighting.
4:04 of 1st period - Adam Lowry wins face-off versus A.J. Gale in Tigers zone.
4:20 of 1st period - Anthony Peluso beats up Adam Lowry.
4:20 of 1st period - Penalty to Adam Lowry for Fighting.
4:20 of 1st period - Penalty to Anthony Peluso for Fighting.
4:21 of 1st period - Dominik Uher wins face-off versus Brandon DeFazio in neutral zone.
4:24 of 1st period - Brandon DeFazio is hit by Dominik Uher and loses puck.
5:07 of 1st period - Harry Zolnierczyk is hit by Randy Jones and loses puck.
6:30 of 1st period - Jerome Gauthier-Leduc is hit by Nolan Yonkman and loses puck.
6:37 of 1st period - Slapshot by Connor Carrick.
6:37 of 1st period - Shot Misses the Net.
6:39 of 1st period - Slapshot by Nolan Yonkman.
6:39 of 1st period - Stopped by Devan Dubnyk with a rebound.
6:41 of 1st period - Slapshot by Connor Carrick.
6:41 of 1st period - Deflect By A.J. Gale.
6:41 of 1st period - Stopped by Devan Dubnyk with a rebound.
6:43 of 1st period - Snap shot by Connor Carrick.
6:43 of 1st period - Stopped by Devan Dubnyk with a rebound.
7:04 of 1st period - Wrist shot by Ty Rattie.
7:04 of 1st period - Shot Misses the Net.
7:12 of 1st period - Minor Penalty to Zack Stortini for Tripping.
7:13 of 1st period - Denver Manderson wins face-off versus Alexander Khokhlachev in Phantoms zone.
7:34 of 1st period - Snap shot by Denver Manderson.
7:34 of 1st period - Shot Blocked by Connor Carrick.
7:50 of 1st period - Chris Langkow is hit by Toby Petersen and loses puck.
8:29 of 1st period - Backhand shot by Chris Langkow.
8:29 of 1st period - Stopped by Cam Ward with a rebound.
8:31 of 1st period - Wrist shot by Randy Jones.
8:31 of 1st period - Shot Blocked by Alexander Khokhlachev.
8:33 of 1st period - Slapshot by Randy Jones.
8:33 of 1st period - Deflect By Bryan Lerg.
8:33 of 1st period - Shot Misses the Net.
8:33 of 1st period - Puck is out of play.
8:34 of 1st period - Toby Petersen wins face-off versus Chris Langkow in Tigers zone.
8:36 of 1st period - Minor Penalty to Ben Blood for Holding.
8:37 of 1st period - Alexander Khokhlachev wins face-off versus Mark Van Guilder in Tigers zone.
8:45 of 1st period - Snap shot by Brandon Bollig.
8:45 of 1st period - Stopped by Devan Dubnyk with a rebound.
9:03 of 1st period - Penalty to Garnet Exelby is over, Garnet Exelby is back on ice.
9:03 of 1st period - Penalty to Will Weber is over, Will Weber is back on ice.
9:20 of 1st period - Penalty to Anthony Peluso is over, Anthony Peluso is back on ice.
9:41 of 1st period - Brandon DeFazio is hit by Zack Stortini.
9:45 of 1st period - Garrett Wilson is hit by Geoff Walker and loses puck.
10:11 of 1st period - Snap shot by Ty Rattie.
10:11 of 1st period - Shot Misses the Net.
10:13 of 1st period - Snap shot by Ty Rattie.
10:13 of 1st period - Goal by Ty Rattie - Tigers : 1 - Phantoms : 0.
10:14 of 1st period - Adam Lowry wins face-off versus Alexander Khokhlachev in neutral zone.
10:17 of 1st period - Connor Carrick is hit by Bryan Lerg and loses puck.
10:32 of 1st period - Wrist shot by Bryan Lerg.
10:32 of 1st period - Deflect By Adam Lowry.
10:32 of 1st period - Shot Misses the Net.
10:32 of 1st period - Puck is out of play.
10:33 of 1st period - Adam Lowry wins face-off versus Alexander Khokhlachev in Tigers zone.
10:36 of 1st period - Penalty to Ben Blood is over, Ben Blood is back on ice.
11:27 of 1st period - Jonathan Hazen is hit by Harry Zolnierczyk and loses puck.
11:51 of 1st period - Zack Stortini beats up Anthony Peluso.
11:51 of 1st period - Penalty to Zack Stortini for Fighting.
11:51 of 1st period - Penalty to Anthony Peluso for Fighting.
11:52 of 1st period - Garrett Wilson wins face-off versus A.J. Gale in Tigers zone.
12:00 of 1st period - Minor Penalty to Connor Carrick for Roughing.
12:01 of 1st period - Adam Lowry wins face-off versus Alexander Khokhlachev in Tigers zone.
12:58 of 1st period - Jed Ortmeyer is hit by Mark Van Guilder and loses puck.
13:43 of 1st period - Off-side.
13:44 of 1st period - Brandon DeFazio wins face-off versus Adam Lowry in neutral zone.
14:00 of 1st period - Penalty to Connor Carrick is over, Connor Carrick is back on ice.
14:07 of 1st period - Slapshot by Connor Carrick.
14:07 of 1st period - Stopped by Devan Dubnyk with a rebound.
14:09 of 1st period - Snap shot by Connor Carrick.
14:09 of 1st period - Stopped by Devan Dubnyk with a rebound.
14:37 of 1st period - Garrett Wilson is hit by Harry Zolnierczyk and loses puck.
15:04 of 1st period - Garrett Wilson is hit by Ty Rattie and loses puck.
15:51 of 1st period - Adam Lowry is hit by Alexander Khokhlachev and loses puck.
16:16 of 1st period - Martin Gernat is hit by Ty Rattie and loses puck.
16:27 of 1st period - Toby Petersen is hit by Bryan Lerg and loses puck.
17:45 of 1st period - Austin Levi is hit by Denver Manderson and loses puck.
17:54 of 1st period - Snap shot by Denver Manderson.
17:54 of 1st period - Stopped by Cam Ward with a rebound.
17:56 of 1st period - Wrist shot by Chris Langkow.
17:56 of 1st period - Stopped by Cam Ward with a rebound.
18:12 of 1st period - Slapshot by Garnet Exelby.
18:12 of 1st period - Shot Misses the Net.
18:14 of 1st period - Slapshot by Randy Jones.
18:14 of 1st period - Shot Blocked by Austin Levi.
18:16 of 1st period - Slapshot by Randy Jones.
18:16 of 1st period - Stopped by Cam Ward without a rebound.
18:17 of 1st period - Toby Petersen wins face-off versus Chris Langkow in Tigers zone.
18:17 of 1st period - Toby Petersen is hit by Josh Lunden.
18:27 of 1st period - Connor Carrick is hit by Chris Langkow and loses puck.
18:38 of 1st period - Bryan Lerg is hit by Ty Rattie and loses puck.
18:55 of 1st period - Slapshot by Brandon Bollig.
18:55 of 1st period - Shot Misses the Net.
18:57 of 1st period - Wrist shot by Alexander Khokhlachev.
18:57 of 1st period - Shot Blocked by Martin Gernat.
18:59 of 1st period - Backhand shot by Nolan Yonkman.
18:59 of 1st period - Shot Blocked by Martin Gernat.
19:01 of 1st period - Backhand shot by Jed Ortmeyer.
19:01 of 1st period - Shot Misses the Net.
19:24 of 1st period - Jonathan Hazen is hit by Harry Zolnierczyk and loses puck.
19:49 of 1st period - Keegan Lowe is hit by Brandon DeFazio and loses puck.
Goals for this period are 1 for Tigers vs 0 for Phantoms.
Shots for this period are 8 for Tigers vs 4 for Phantoms.

2nd period


0:01 of 2nd period - Alexander Khokhlachev wins face-off versus Adam Lowry in neutral zone.
0:14 of 2nd period - Snap shot by Jed Ortmeyer.
0:14 of 2nd period - Stopped by Devan Dubnyk without a rebound.
0:15 of 2nd period - Adam Lowry wins face-off versus Brandon Bollig in Phantoms zone.
0:24 of 2nd period - Wrist shot by Brandon Bollig.
0:24 of 2nd period - Shot Misses the Net.
0:39 of 2nd period - Snap shot by Brandon Bollig.
0:39 of 2nd period - Stopped by Devan Dubnyk with a rebound.
1:08 of 2nd period - Wrist shot by Ty Rattie.
1:08 of 2nd period - Stopped by Devan Dubnyk with a rebound.
1:42 of 2nd period - Snap shot by Anthony Peluso.
1:42 of 2nd period - Stopped by Devan Dubnyk with a rebound.
2:01 of 2nd period - Snap shot by Anthony Peluso.
2:01 of 2nd period - Shot Misses the Net.
2:03 of 2nd period - Snap shot by Brandon DeFazio.
2:03 of 2nd period - Stopped by Devan Dubnyk without a rebound.
2:04 of 2nd period - Mark Van Guilder wins face-off versus Carter Rowney in Phantoms zone.
2:08 of 2nd period - Geoff Walker beats up Martin Gernat.
2:08 of 2nd period - Penalty to Martin Gernat for Fighting.
2:08 of 2nd period - Penalty to Geoff Walker for Fighting.
2:09 of 2nd period - Alexander Khokhlachev wins face-off versus Mark Van Guilder in neutral zone.
2:14 of 2nd period - Mark Van Guilder is hit by Brandon Bollig.
2:38 of 2nd period - Minor Penalty to Nolan Yonkman for Hooking.
2:39 of 2nd period - Brandon Bollig wins face-off versus Zack Stortini in Tigers zone.
2:47 of 2nd period - Connor Carrick is hit by Dominik Uher.
2:53 of 2nd period - Snap shot by Garrett Wilson.
2:53 of 2nd period - Shot Misses the Net.
2:55 of 2nd period - Slapshot by Jerome Gauthier-Leduc.
2:55 of 2nd period - Deflect By Garrett Wilson.
2:55 of 2nd period - Shot Misses the Net.
2:55 of 2nd period - Puck is out of play.
2:56 of 2nd period - Dominik Uher wins face-off versus Alexander Khokhlachev in Tigers zone.
3:39 of 2nd period - Snap shot by Brandon Bollig.
3:39 of 2nd period - Shot Blocked by Jerome Gauthier-Leduc.
3:53 of 2nd period - Slapshot by Adam Lowry.
3:53 of 2nd period - Stopped by Cam Ward with a rebound.
3:55 of 2nd period - Wrist shot by Adam Lowry.
3:55 of 2nd period - Shot Blocked by Kane Lafranchise.
3:57 of 2nd period - Slapshot by Bryan Lerg.
3:57 of 2nd period - Goal by Bryan Lerg - Tigers : 1 - Phantoms : 1.
3:58 of 2nd period - Toby Petersen wins face-off versus Mark Van Guilder in neutral zone.
4:10 of 2nd period - Slapshot by Denver Manderson.
4:10 of 2nd period - Shot Misses the Net.
4:12 of 2nd period - Snap shot by Mark Van Guilder.
4:12 of 2nd period - Shot Blocked by Kane Lafranchise.
4:14 of 2nd period - Wrist shot by Mark Van Guilder.
4:14 of 2nd period - Shot Blocked by Toby Petersen.
4:16 of 2nd period - Snap shot by Denver Manderson.
4:16 of 2nd period - Shot Misses the Net.
4:18 of 2nd period - Snap shot by Denver Manderson.
4:18 of 2nd period - Shot Misses the Net.
4:20 of 2nd period - Snap shot by Jonathan Hazen.
4:20 of 2nd period - Shot Misses the Net.
4:22 of 2nd period - Snap shot by Denver Manderson.
4:22 of 2nd period - Stopped by Cam Ward with a rebound.
4:24 of 2nd period - Snap shot by Denver Manderson.
4:24 of 2nd period - Shot Misses the Net.
4:26 of 2nd period - Slapshot by Garnet Exelby.
4:26 of 2nd period - Shot Misses the Net.
4:28 of 2nd period - Slapshot by Mark Van Guilder.
4:28 of 2nd period - Shot Blocked by Kane Lafranchise.
4:30 of 2nd period - Slapshot by Garnet Exelby.
4:30 of 2nd period - Shot Blocked by Toby Petersen.
4:34 of 2nd period - Snap shot by Mark Van Guilder.
4:34 of 2nd period - Shot Misses the Net.
4:47 of 2nd period - Will Weber beats up Zack FitzGerald.
4:47 of 2nd period - Penalty to Zack FitzGerald for Fighting.
4:47 of 2nd period - Penalty to Will Weber for Fighting.
4:47 of 2nd period - Penalty to Zack FitzGerald for instigated a fight.
4:47 of 2nd period - Penalty to Zack FitzGerald for instigated a fight.
4:48 of 2nd period - Adam Lowry wins face-off versus Alexander Khokhlachev in Tigers zone.
4:57 of 2nd period - Garnet Exelby is hit by Nolan Yonkman and loses puck.
5:21 of 2nd period - Wrist shot by Brandon Bollig.
5:21 of 2nd period - Stopped by Devan Dubnyk with a rebound.
5:23 of 2nd period - Snap shot by Brandon Bollig.
5:23 of 2nd period - Stopped by Devan Dubnyk with a rebound.
6:13 of 2nd period - Ben Blood is hit by Garnet Exelby.
6:47 of 2nd period - Penalty to Zack FitzGerald is over, Denver Manderson is send on ice.
6:49 of 2nd period - Slapshot by Connor Carrick.
6:49 of 2nd period - Deflect By Randy Jones.
6:49 of 2nd period - Stopped by Devan Dubnyk without a rebound.
6:50 of 2nd period - Denver Manderson wins face-off versus Alexander Khokhlachev in Phantoms zone.
8:24 of 2nd period - Icing by Jerome Gauthier-Leduc.
8:25 of 2nd period - Carter Rowney wins face-off versus Chris Langkow in Phantoms zone.
10:11 of 2nd period - Wrist shot by Bryan Lerg.
10:11 of 2nd period - Shot Misses the Net.
10:13 of 2nd period - Snap shot by Adam Lowry.
10:13 of 2nd period - Stopped by Cam Ward with a rebound.
10:25 of 2nd period - Snap shot by Josh Lunden.
10:25 of 2nd period - Shot Misses the Net.
11:05 of 2nd period - Garnet Exelby is hit by Ben Blood and loses puck.
12:15 of 2nd period - Off-side.
12:16 of 2nd period - Jed Ortmeyer wins face-off versus Josh Lunden in neutral zone.
12:22 of 2nd period - Icing by Jerome Gauthier-Leduc.
12:23 of 2nd period - Chris Langkow wins face-off versus Geoff Walker in Phantoms zone.
12:32 of 2nd period - Jerome Gauthier-Leduc is hit by Jed Ortmeyer and loses puck.
13:10 of 2nd period - Minor Penalty to Randy Jones for High sticking.
13:11 of 2nd period - Alexander Khokhlachev wins face-off versus Adam Lowry in Phantoms zone.
13:48 of 2nd period - Slapshot by Ty Rattie.
13:48 of 2nd period - Shot Misses the Net.
13:50 of 2nd period - Wrist shot by Toby Petersen.
13:50 of 2nd period - Deflect By Harry Zolnierczyk.
13:50 of 2nd period - Shot Blocked by Adam Lowry.
13:50 of 2nd period - Puck is out of play.
13:51 of 2nd period - Adam Lowry wins face-off versus Ty Rattie in Phantoms zone.
14:44 of 2nd period - Slapshot by Harri Pesonen.
14:44 of 2nd period - Shot Misses the Net.
14:52 of 2nd period - Snap shot by Harri Pesonen.
14:52 of 2nd period - Shot Misses the Net.
14:54 of 2nd period - Slapshot by Martin Gernat.
14:54 of 2nd period - Shot Blocked by Toby Petersen.
14:56 of 2nd period - Slapshot by Jerome Gauthier-Leduc.
14:56 of 2nd period - Shot Blocked by Connor Carrick.
15:06 of 2nd period - Snap shot by Harri Pesonen.
15:06 of 2nd period - Stopped by Cam Ward with a rebound.
15:08 of 2nd period - Snap shot by Dominik Uher.
15:08 of 2nd period - Shot Misses the Net.
15:10 of 2nd period - Penalty to Randy Jones is over, Randy Jones is back on ice.
15:10 of 2nd period - Slapshot by Jerome Gauthier-Leduc.
15:10 of 2nd period - Stopped by Cam Ward with a rebound.
15:17 of 2nd period - Icing by Connor Carrick.
15:18 of 2nd period - Mark Van Guilder wins face-off versus Toby Petersen in Tigers zone.
15:19 of 2nd period - Wrist shot by Denver Manderson.
15:19 of 2nd period - Stopped by Cam Ward with a rebound.
15:21 of 2nd period - Slapshot by Garnet Exelby.
15:21 of 2nd period - Shot Blocked by Connor Carrick.
15:23 of 2nd period - Slapshot by Garnet Exelby.
15:23 of 2nd period - Stopped by Cam Ward without a rebound.
15:24 of 2nd period - A.J. Gale wins face-off versus Mark Van Guilder in Tigers zone.
15:51 of 2nd period - Austin Levi is hit by Garnet Exelby and loses puck.
17:04 of 2nd period - Snap shot by Connor Carrick.
17:04 of 2nd period - Deflect By Alexander Khokhlachev.
17:04 of 2nd period - Shot Blocked by Harri Pesonen.
17:04 of 2nd period - Puck is out of play.
17:05 of 2nd period - Adam Lowry wins face-off versus Carter Rowney in Phantoms zone.
17:45 of 2nd period - Snap shot by Denver Manderson.
17:45 of 2nd period - Shot Blocked by Connor Carrick.
18:35 of 2nd period - Slapshot by Zack Stortini.
18:35 of 2nd period - Shot Misses the Net.
18:41 of 2nd period - Wrist shot by Dominik Uher.
18:41 of 2nd period - Stopped by Cam Ward without a rebound.
18:42 of 2nd period - Dominik Uher wins face-off versus Alexander Khokhlachev in Tigers zone.
19:12 of 2nd period - Kane Lafranchise is hit by Keegan Lowe and loses puck.
19:19 of 2nd period - Wrist shot by Adam Lowry.
19:19 of 2nd period - Stopped by Cam Ward with a rebound.
19:21 of 2nd period - Snap shot by Bryan Lerg.
19:21 of 2nd period - Stopped by Cam Ward with a rebound.
19:47 of 2nd period - 10 Minutes Misconduct Penalty to Zack FitzGerald is over.
Goals for this period are 0 for Tigers vs 1 for Phantoms.
Shots for this period are 8 for Tigers vs 11 for Phantoms.

3rd period


0:01 of 3rd period - Adam Lowry wins face-off versus Alexander Khokhlachev in neutral zone.
0:07 of 3rd period - Garnet Exelby beats up Nolan Yonkman.
0:07 of 3rd period - Penalty to Garnet Exelby for Fighting.
0:07 of 3rd period - Penalty to Nolan Yonkman for Fighting.
0:08 of 3rd period - Alexander Khokhlachev wins face-off versus Harri Pesonen in Tigers zone.
0:08 of 3rd period - Alexander Khokhlachev is hit by Bryan Lerg.
0:18 of 3rd period - Wrist shot by Connor Carrick.
0:18 of 3rd period - Shot Blocked by Randy Jones.
0:23 of 3rd period - Minor Penalty to Adam Lowry for Hooking.
0:24 of 3rd period - Denver Manderson wins face-off versus Alexander Khokhlachev in Phantoms zone.
1:18 of 3rd period - Randy Jones is hit by Connor Carrick and loses puck.
1:43 of 3rd period - Wrist shot by Harry Zolnierczyk.
1:43 of 3rd period - Stopped by Devan Dubnyk with a rebound.
1:55 of 3rd period - Wrist shot by Brandon Bollig.
1:55 of 3rd period - Shot Blocked by Bryan Lerg.
1:57 of 3rd period - Wrist shot by Brandon Bollig.
1:57 of 3rd period - Deflect By Jed Ortmeyer.
1:57 of 3rd period - Shot Misses the Net.
1:57 of 3rd period - Puck is out of play.
1:58 of 3rd period - Josh Lunden wins face-off versus Alexander Khokhlachev in Phantoms zone.
2:07 of 3rd period - Alexander Khokhlachev is hit by Jerome Gauthier-Leduc and loses puck.
2:23 of 3rd period - Penalty to Adam Lowry is over, Adam Lowry is back on ice.
3:24 of 3rd period - Zack Stortini is hit by Will Weber and loses puck.
3:37 of 3rd period - Snap shot by Mark Van Guilder.
3:37 of 3rd period - Deflect By Denver Manderson.
3:37 of 3rd period - Stopped by Cam Ward without a rebound.
3:38 of 3rd period - Mark Van Guilder wins face-off versus Carter Rowney in Tigers zone.
3:49 of 3rd period - Alexander Khokhlachev is hit by Jonathan Hazen and loses puck.
5:37 of 3rd period - Icing by Adam Lowry.
5:38 of 3rd period - Adam Lowry wins face-off versus A.J. Gale in Phantoms zone.
5:38 of 3rd period - Adam Lowry is hit by Nolan Yonkman.
5:56 of 3rd period - Anthony Peluso is hit by Mark Van Guilder and loses puck.
6:09 of 3rd period - Carter Rowney is hit by Mark Van Guilder and loses puck.
7:06 of 3rd period - Wrist shot by Harry Zolnierczyk.
7:06 of 3rd period - Stopped by Devan Dubnyk with a rebound.
7:08 of 3rd period - Backhand shot by Connor Carrick.
7:08 of 3rd period - Stopped by Devan Dubnyk without a rebound.
7:09 of 3rd period - Toby Petersen wins face-off versus Adam Lowry in Phantoms zone.
7:45 of 3rd period - Backhand shot by Brandon DeFazio.
7:45 of 3rd period - Stopped by Devan Dubnyk with a rebound.
7:47 of 3rd period - Slapshot by Austin Levi.
7:47 of 3rd period - Deflect By A.J. Gale.
7:47 of 3rd period - Stopped by Devan Dubnyk with a rebound.
7:49 of 3rd period - Slapshot by Anthony Peluso.
7:49 of 3rd period - Shot Blocked by Dominik Uher.
8:29 of 3rd period - Jonathan Hazen is hit by Harry Zolnierczyk and loses puck.
8:56 of 3rd period - Major / Game Misconduct Penalty to Garnet Exelby for Unsportsmanlike conduct.
8:56 of 3rd period - Garnet Exelby is ejected from game.
8:57 of 3rd period - Adam Lowry wins face-off versus Alexander Khokhlachev in Phantoms zone.
9:56 of 3rd period - Wrist shot by Harri Pesonen.
9:56 of 3rd period - Shot Misses the Net.
9:58 of 3rd period - Snap shot by Dominik Uher.
9:58 of 3rd period - Stopped by Cam Ward with a rebound.
10:31 of 3rd period - Snap shot by Ty Rattie.
10:31 of 3rd period - Deflect By Harry Zolnierczyk.
10:31 of 3rd period - Goal by Harry Zolnierczyk - Tigers : 2 - Phantoms : 1.
10:32 of 3rd period - Alexander Khokhlachev wins face-off versus Denver Manderson in neutral zone.
11:05 of 3rd period - Martin Gernat is hit by Toby Petersen and loses puck.
12:51 of 3rd period - Toby Petersen is hit by Bryan Lerg and loses puck.
13:19 of 3rd period - Jed Ortmeyer is hit by Randy Jones and loses puck.
13:42 of 3rd period - Snap shot by Ty Rattie.
13:42 of 3rd period - Deflect By Harry Zolnierczyk.
13:42 of 3rd period - Shot Misses the Net.
13:42 of 3rd period - Puck is out of play.
13:43 of 3rd period - Harri Pesonen wins face-off versus Brandon DeFazio in Phantoms zone.
13:43 of 3rd period - Harri Pesonen is hit by Connor Carrick.
13:53 of 3rd period - Denver Manderson is hit by Nolan Yonkman and loses puck.
13:56 of 3rd period - Penalty to Garnet Exelby is over, Zack Stortini is send on ice.
14:28 of 3rd period - Slapshot by Garrett Wilson.
14:28 of 3rd period - Stopped by Cam Ward with a rebound.
14:54 of 3rd period - Snap shot by Carter Rowney.
14:54 of 3rd period - Stopped by Devan Dubnyk with a rebound.
15:17 of 3rd period - Slapshot by Geoff Walker.
15:17 of 3rd period - Stopped by Devan Dubnyk without a rebound.
15:18 of 3rd period - Carter Rowney wins face-off versus Chris Langkow in Phantoms zone.
15:22 of 3rd period - Icing by Martin Gernat.
15:23 of 3rd period - Carter Rowney wins face-off versus Chris Langkow in Phantoms zone.
15:59 of 3rd period - Wrist shot by Garrett Wilson.
15:59 of 3rd period - Shot Blocked by Austin Levi.
16:22 of 3rd period - Snap shot by Ty Rattie.
16:22 of 3rd period - Shot Misses the Net.
17:08 of 3rd period - Snap shot by Denver Manderson.
17:08 of 3rd period - Shot Misses the Net.
17:12 of 3rd period - Wrist shot by Denver Manderson.
17:12 of 3rd period - Shot Blocked by Kane Lafranchise.
17:14 of 3rd period - Snap shot by Denver Manderson.
17:14 of 3rd period - Shot Misses the Net.
17:16 of 3rd period - Wrist shot by Denver Manderson.
17:16 of 3rd period - Stopped by Cam Ward with a rebound.
17:21 of 3rd period - Minor Penalty to Will Weber for Roughing.
17:22 of 3rd period - Alexander Khokhlachev wins face-off versus Adam Lowry in Tigers zone.
18:05 of 3rd period - Connor Carrick is hit by Harri Pesonen and loses puck.
18:34 of 3rd period - Brandon DeFazio is hit by Zack Stortini and loses puck.
19:11 of 3rd period - Phantoms, Devan Dubnyk is pulled from the net.
19:21 of 3rd period - Penalty to Will Weber is over, Will Weber is back on ice.
19:29 of 3rd period - Randy Jones is hit by Kane Lafranchise and loses puck.
Goals for this period are 1 for Tigers vs 0 for Phantoms.
Shots for this period are 8 for Tigers vs 4 for Phantoms.


Output by the SimonT Hockey Simulator (STHS) for Eric Dolegowski -- Original Page W3C XHTML 1.0 Valid
Hockey Simulator - Hockey Simulation - Hockey Manager